 Dungeon Crawl Stone Soup version 0.22-a0-410-g97be04f (webtiles) character file.

712 Espgualade the Skirmisher (level 7, 0/44 HPs)
             Began as a Tengu Ice Elementalist on May 11, 2018.
             Slain by a troll zombie (3 damage)
             ... in an ossuary.
             The game lasted 00:19:49 (5960 turns).

Espgualade the Skirmisher (Tengu Ice Elementalist)  Turns: 5960, Time: 00:19:50

Health: 0/44       AC:  4    Str:  9    XL:     7   Next: 68%
Magic:  12/12      EV: 16    Int: 17    God:
Gold:   254        SH:  0    Dex: 19    Spells: 1/11 levels left

rFire    + . .     SeeInvis .   d - +0 whip (flame)
rCold    . . .     Gourm    .   (no shield)
rNeg     . . .     Faith    .   a - +1 robe
rPois    .         Spirit   .   (helmet restricted)
rElec    .         Reflect  .   (no cloak)
rCorr    .         Harm     .   e - +0 pair of gloves
MR       .....                  (boots unavailable)
Stlth    +++.......             (no amulet)
HPRegen  0.14/turn              l - +5 ring of dexterity
MPRegen  0.13/turn              (no ring)

@: no status effects
A: beak, talons 3, fire resistance 1, screaming 1, able to fly 1
a: Fly


You were in an ossuary.
You were not hungry.

You visited 1 branch of the dungeon, and saw 6 of its levels.
You also visited: Ossuary.

You collected 254 gold pieces.

Inventory:

Hand Weapons
 d - a +0 whip of flaming (weapon)
 m - a +2 dagger of speed
Armour
 a - a +1 robe (worn)
 e - a +0 pair of gloves (worn)
 w - a scarf of repulsion
Magical Staves
 i - an uncursed staff of summoning
Jewellery
 l - a +5 ring of dexterity (left hand)
 q - an uncursed amulet of faith
Wands
 f - a wand of polymorph (38)
 r - a wand of iceblast (9)
 t - a wand of flame (53)
Scrolls
 b - 2 scrolls of enchant weapon
 k - a scroll of fear
 n - 2 scrolls of enchant armour
 s - 2 scrolls of remove curse
Potions
 h - a potion of brilliance
 j - a potion of berserk rage
 o - a potion of flight
 p - a potion of heal wounds
 u - a potion of agility
 v - a potion of curing
Comestibles
 c - 7 rations


   Skills:
 - Level 5.0 Fighting
 - Level 5.0 Dodging
 - Level 5.0 Stealth
 + Level 2.7 Spellcasting
 - Level 1.3 Conjurations
 - Level 2.6 Ice Magic


You had one spell level left.
You knew the following spells:

 Your Spells              Type           Power        Failure   Level  Hunger
a - Freeze                Ice            ##..         6%          1    #......
b - Throw Frost           Conj/Ice       #.....       12%         2    ##.....
c - Ozocubu's Armour      Chrm/Ice       #.......     30%         3    ###....
d - Throw Icicle          Conj/Ice       #.......     61%         4    #####..


Dungeon Overview and Level Annotations

Branches:
Dungeon (6/15)
 Temple: D:4-7

Altars:

Shops:
D:4 [

Annotations:
D:5 Prince Ribbit


Innate Abilities, Weirdness & Mutations

You have a beak for a mouth.
You have claws for feet.
You can fly.
Your flesh is heat resistant. (rF+)
You occasionally shout uncontrollably at your foes.


Message History

You open the door.
A troll zombie comes into view.
There is an open door here.
The troll zombie bites you! The troll zombie claws you!
The troll zombie misses you.
You hit the troll zombie. You burn the troll zombie.
The troll zombie is lightly damaged.
The troll zombie misses you. The troll zombie claws you.
The troll zombie closely misses you.
You barely miss the troll zombie. You claw the troll zombie.
You peck the troll zombie.
The troll zombie is lightly damaged.
The troll zombie misses you. The troll zombie claws you.
* * * LOW HITPOINT WARNING * * *
The troll zombie claws you.
* * * LOW HITPOINT WARNING * * *
The troll zombie bites you.
* * * LOW HITPOINT WARNING * * *
The troll zombie barely misses you. The troll zombie claws you.
You die...

##############
#∩............
#.............
#..###'###+###
#..#...#
#..#.#'####
#..#.#....#
#..###..@.#
#..+ #..Z.#
#..# #....#
######


You could see a troll zombie.

Vanquished Creatures
  A phantom (D:4)
  A howler monkey (D:4)
  A bullfrog skeleton (D:4)
  4 hounds
  An orc wizard (D:3)
  2 centaur skeletons (D:4)
  A gnoll shaman (D:4)
  Jessica (D:2)
  Ijyb (D:5)
  Natasha (D:2)
  A worker ant (D:5)
  A big kobold zombie (Ossuary)
  5 gnolls (D:4)
  6 adders
  An adder zombie (Ossuary)
  5 worms
  A dart slug (D:1)
  A leopard gecko (D:3)
  5 orcs (D:3)
  9 bats
  A giant cockroach (D:3)
  10 goblins
  2 hobgoblins
  8 jackals
  5 quokkas
  5 ball pythons
  4 frilled lizards
  7 kobolds
  4 rats
95 creatures vanquished.

Notes
Turn   | Place    | Note
-------+----------+-------------------------------------------
     0 | D:1      | Espgualade the Tengu Ice Elementalist began the quest for the Orb.
     0 | D:1      | Reached XP level 1. HP: 10/10 MP: 4/4
    56 | D:1      | Reached skill level 1 in Fighting
   116 | D:1      | Reached XP level 2. HP: 12/16 MP: 4/6
   964 | D:2      | Noticed Jessica
   973 | D:2      | Reached XP level 3. HP: 21/22 MP: 2/7
  1100 | D:2      | Killed Jessica
  1105 | D:2      | Learned a level 2 spell: Throw Frost
  1109 | D:2      | Learned a level 3 spell: Ozocubu's Armour
  1230 | D:2      | Reached XP level 4. HP: 20/28 MP: 4/8
  1475 | D:2      | Noticed Natasha
  1492 | D:2      | Killed Natasha
  2105 | D:3      | Gained mutation: You can fly. [Tengu growth]
  2105 | D:3      | Reached XP level 5. HP: 12/34 MP: 5/9
  2359 | D:3      | Gained mutation: You occasionally shout uncontrollably at your foes. [potion of mutation]
  2359 | D:3      | Gained mutation: Your flesh is heat resistant. (rF+) [potion of mutation]
  2621 | D:3      | Reached skill level 5 in Fighting
  3045 | D:3      | Reached XP level 6. HP: 38/40 MP: 6/10
  3270 | D:4      | Found Oggoupa's Armour Boutique.
  3345 | D:4      | Noticed a phantom
  3467 | D:4      | Killed a phantom
  3942 | D:4      | Reached XP level 7. HP: 35/44 MP: 8/11
  4888 | D:4      | Learned a level 4 spell: Throw Icicle
  4889 | D:5      | Entered Level 5 of the Dungeon
  5086 | D:5      | Reached skill level 5 in Dodging
  5215 | D:5      | Noticed Ijyb
  5229 | D:5      | Killed Ijyb
  5229 | D:5      | Reached skill level 5 in Stealth
  5360 | D:5      | Noticed Prince Ribbit
  5801 | D:6      | Found a sand-covered staircase.
  5810 | Ossuary  | Entered an ossuary
  5960 | Ossuary  | Slain by a troll zombie

Vault maps used:
D:1:      onia_arrival_pyramid
D:2:      uniq_natasha, uniq_jessica
D:3:      kennysheep_big_flooded_room
D:4:      serial_shops, shop
D:5:      first_ration, saegor_snake_ambush, uniq_prince_ribbit1, uniq_ijyb
D:6:      nicolae_ossuary_entry_monument
Ossuary:  ossuary_boxes_badplayer

Skill      XL: |  1  2  3  4  5  6  7 |
---------------+----------------------+-----
Fighting       | 1 2 3 4 5 |  5.0
Dodging        | 4 5 |  5.0
Stealth        | 4 5 |  5.0
Spellcasting   | |  2.7
Conjurations   | |  1.3
Ice Magic      | |  2.6

Action                   |  1- 3 |  4- 6 |  7- 9 || total
-------------------------+-------+-------+-------++-------
Melee: Unarmed           |     5 |       |       ||     5
       Kick              |    12 |    42 |    28 ||    82
       Peck              |     6 |    25 |    18 ||    49
       Whip              |    38 |   193 |    85 ||   316
 Cast: Freeze            |    18 |    25 |    18 ||    61
       Ozocubu's Armour  |       |    10 |     3 ||    13
       Throw Frost       |       |     3 |    13 ||    16
Evoke: Wand              |       |     1 |       ||     1
  Use: Scroll            |     4 |     5 |     6 ||    15
       Potion            |       |     3 |     3 ||     6
 Stab: Sleeping          |     4 |     5 |     3 ||    12
  Eat: Chunk             |     1 |     4 |     4 ||     9
       Ration            |       |     2 |     2 ||     4
Armor: Robe              |     5 |    51 |    25 ||    81
       Skin              |       |     4 |     6 ||    10
Dodge: Dodged            |    46 |   142 |    98 ||   286

Table legend:
 A = Spawn XP
 B = Non-spawn XP
 C = Spawn XP percentage of total XP
 D = Spawn monster count
 E = Non-spawn monster count
 F = Spawn count percentage of total count
 G = Total turns spent on level
                    A         B        C        D         E        F      G
               +---------+---------+-------+---------+---------+-------+---------
         Total |       0 |    1018 |   0.0 |       0 |      95 |   0.0 |  5960
               +---------+---------+-------+---------+---------+-------+---------
           D:1 |       0 |      14 |   0.0 |       0 |       8 |   0.0 |   548
           D:2 |       0 |     127 |   0.0 |       0 |      25 |   0.0 |  1441
           D:3 |       0 |     182 |   0.0 |       0 |      37 |   0.0 |  1245
           D:4 |       0 |     507 |   0.0 |       0 |      13 |   0.0 |  1655
           D:5 |       0 |     129 |   0.0 |       0 |       8 |   0.0 |   751
           D:6 |       0 |      26 |   0.0 |       0 |       2 |   0.0 |   170
       Ossuary |       0 |      33 |   0.0 |       0 |       2 |   0.0 |   150
               +---------+---------+-------+---------+---------+-------+---------
